 Dungeon Crawl Stone Soup version 0.14-a0-2848-g1d0399b (webtiles) character file.

352 Neoxx the Chopper (level 5, -3/42 HPs)
             Began as a Minotaur Warper on Feb 26, 2014.
             Succumbed to an orc wizard's poison
             ... on Level 4 of the Dungeon.
             The game lasted 00:05:05 (2176 turns).

Neoxx the Chopper (Minotaur Warper)                 Turns: 2176, Time: 00:05:06

HP  -3/42        AC 11     Str 16      XL: 5   Next: 21%
MP   4/4         EV  9     Int 10      God:
Gold 188         SH  0     Dex 15      Spells:  1 memorised,  5 levels left

rFire  . . .     SeeInvis .     a - +0 hand axe
rCold  . . .     Clarity  .     p - +0 plate armour
rNeg   . . .     Conserve .     (no shield)
rPois  .         rCorr    .     (helmet restricted)
rElec  .         rRot     .     s - +0 cloak
SustAb . .       Spirit   .     (no gloves)
rMut   .         Warding  .     (no boots)
Saprov . . .     Stasis   .     (no amulet)
MR     .....                    (no ring)
                                (no ring)

@: agile, extremely poisoned, very slightly contaminated, hasted, very quick,
not resistant to hostile enchantments, extremely unstealthy
A: retaliatory headbutt, horns 2
a: no special abilities


You were on level 4 of the Dungeon.
You were hungry.

You visited 1 branch of the dungeon, and saw 4 of its levels.

You collected 188 gold pieces.

Inventory:

Hand weapons
 a - a +0,+0 hand axe (weapon)
 d - a +2,+2 dagger of venom
 C - a +1,+2 mace of crushing
Missiles
 e - 27 darts (quivered)
 f - 10 darts of dispersal
 l - 8 exploding darts
 x - 11 poisoned needles
Armour
 p - a +0 plate armour (worn)
 s - a +0 cloak (worn)
 v - a +0 orcish leather armour of magic resistance
Comestibles
 g - 3 bread rations
 n - 3 meat rations
 D - 3 chunks of orc flesh
Scrolls
 h - 2 scrolls of teleportation {unknown}
 j - a scroll of fog {unknown}
 k - a scroll of magic mapping {unknown}
 m - 4 scrolls of identify {unknown}
 o - 2 scrolls of recharging {unknown}
 q - 4 scrolls of enchant weapon II {unknown}
 t - a scroll of enchant weapon I {unknown}
 u - 2 scrolls of enchant armour {unknown}
 y - 4 scrolls of remove curse {unknown}
 z - a scroll of amnesia {unknown}
 B - a scroll of immolation {unknown}
Potions
 b - a potion of agility
Books
 c - a book of Spatial Translocations

   Spells                             Type                      Level
   *Apportation                       Translocation                1
   Blink                              Translocation                2
   Shroud of Golubria                 Charms/Translocation         2
   Portal Projectile                  Translocation                3
   Teleport Other                     Translocation                3
   Passage of Golubria                Translocation                4


   Skills:
 - Level 2.4 Fighting
 + Level 6.6 Axes
 - Level 1.0 Throwing
 - Level 1.2 Armour
 - Level 2.1 Dodging
 - Level 1.3 Spellcasting
 - Level 2.1 Translocations


You had 5 spell levels left.
You knew the following spells:

 Your Spells              Type           Power        Failure   Level  Hunger
a - Apportation           Tloc           #.........   100%        1    ##.....


Dungeon Overview and Level Annotations

Branches:
Dungeon (4/16)
 Temple: D:4-7

Altars:
Zin


Innate Abilities, Weirdness & Mutations

You reflexively headbutt those who attack you in melee.
You have a pair of horns on your head.


Message History

You hit something.
Reactivating autopickup.
You feel a bit more experienced.
You feel extremely sick.
* * * LOW HITPOINT WARNING * * *
You feel very sick.
Things that are here:
a dagger of venom; an orcish robe; an orc corpse
d - a dagger of venom
* * * LOW HITPOINT WARNING * * *
You feel sick.
You stop butchering the corpse.
* * * LOW HITPOINT WARNING * * *
You feel extremely sick.
Drink which item? (? for menu, Esc to quit)
You feel yourself speed up.
It was a potion of speed.
* * * LOW HITPOINT WARNING * * *
You feel sick.
You are very lightly contaminated with residual magic.
You die...

###### . #.(..# ... #....#
..o. #....####### .....
#...)##....##.......
#######...%#......'....#
#####........)[#.....##....#
#>.............@.............
#.###.........##......#....##
#.# #.##...................#
#.# #.##.#####........######
##.###.##.#####.#..<...#
.......##.#.........#.##
##.######.#.......#...#
##.#....#.####....#.###
........#...........#


There were no monsters in sight!

Vanquished Creatures
  An orc priest (D:4)
  An orc wizard (D:4)
  Jessica (D:2)
  A giant mite (D:1)
  2 worms
  A giant gecko (D:3)
  10 orcs
  A giant cockroach (D:1)
  6 hobgoblins
  3 jackals (D:2)
  A ball python (D:1)
  3 bats
  4 giant newts
  10 goblins
  A hobgoblin skeleton (D:4)
  3 kobolds
  3 quokkas
  12 rats
64 creatures vanquished.

Vanquished Creatures (others)
  5 toadstools (D:1)
5 creatures vanquished.

Grand Total: 69 creatures vanquished

Notes
Turn   | Place    | Note
--------------------------------------------------------------
     0 | D:1      | Neoxx, the Minotaur Warper, began the quest for the Orb.
     0 | D:1      | Reached XP level 1. HP: 18/18 MP: 2/2
    66 | D:1      | Reached skill level 3 in Axes
    66 | D:1      | Reached XP level 2. HP: 16/25 MP: 2/2
   373 | D:1      | Reached skill level 4 in Axes
   852 | D:2      | Reached XP level 3. HP: 21/30 MP: 3/3
   887 | D:2      | Noticed Jessica
   902 | D:2      | Killed Jessica
  1039 | D:2      | Reached skill level 5 in Axes
  1437 | D:3      | Reached XP level 4. HP: 37/37 MP: 4/4
  1872 | D:3      | Found a glowing silver altar of Zin.
  2164 | D:4      | Reached skill level 6 in Axes
  2164 | D:4      | Reached XP level 5. HP: 15/42 MP: 4/4
  2176 | D:4      | Succumbed to an orc wizard's poison

Action                   |  1- 3 |  4- 6 || total
-------------------------+-------+-------++-------
Melee: Hand axe          |   100 |   105 ||   205
  Use: Potion            |       |     6 ||     6
